[Event "Titled Tuesday Blitz May 4 2021"]
[White "Iljushina, Olga"]
[Black "Daulyte-Cornette, Deimante"]
[WhiteFideId "4152280"]
[BlackFideId "12802859"]
[WhiteElo "1967"]
[BlackElo "2285"]
[Result "0-1"]
[Round "04"]
[TimeControl "180+1"]
[Date "2021.05.04"]
[WhiteClock "0:00:01"]
[BlackClock "0:00:04"]

1. e4 Nf6 2. e5 Nd5 3. d4 d6 4. c4 Nb6 5. exd6 cxd6 6. Nc3 g6 7. Be3 Bg7 8. Be2 O-O 9. Qd2 d5 10. c5 Nc4 11. Bxc4 dxc4 12. Nge2 Bf5 13. h4 h5 14. f3 Nc6 15. g4 hxg4 16. fxg4 Bxg4 17. Rg1 Qd7 18. O-O-O Nb4 19. Rdf1 b6 20. Bh6 bxc5 21. Bxg7 Kxg7 22. Qg5 Nxa2+ 23. Nxa2 Bxe2 24. Rf2 Qe6 25. h5 Bxh5 26. d5 Qh3 27. Qe5+ Kh7 28. Rh2 Qf3 29. Rgh1 f5 30. Qxe7+ Kg8 31. Qe6+ Rf7 32. Rg1 Qf4+ 33. Kb1 Qxh2 34. Re1 Rf8 35. d6 Qd2 36. Nc3 Qd3+ 37. Ka2 f4 38. Rg1 f3 39. Nd5 f2 40. Ne7+ Kg7 0-1


[Site "https://www.chess.com"]

[Event "Titled Tuesday Blitz May 4 2021"]
[White "Indjic, Aleksandar"]
[Black "Wagh Suyog"]
[WhiteFideId "911925"]
[BlackFideId "25071688"]
[WhiteElo "2860"]
[BlackElo "2640"]
[Result "0-1"]
[Round "04"]
[TimeControl "180+1"]
[Date "2021.05.04"]
[WhiteClock "0:01:43"]
[BlackClock "0:00:37"]

1. d4 d5 2. c4 e6 3. Nf3 Be7 4. Nc3 Nf6 5. Bf4 O-O 6. e3 b6 7. Qc2 Bb7 8. O-O-O c5 9. cxd5 exd5 10. g4 Nc6 11. dxc5 Nb4 12. Qa4 bxc5 13. g5 Nd7 14. Be2 c4 15. Rd2 Nc5 16. Qd1 Qa5 17. a3 Nbd3+ 18. Bxd3 Nxd3+ 19. Rxd3 cxd3 20. Be5 d4 21. Bxd4 Qf5 22. Ne5 Bxh1 23. Qxh1 Bxg5 24. f4 Bf6 25. Nd5 Rfc8+ 26. Kd1 Qh5+ 27. Qf3 Qxf3+ 28. Nxf3 Bxd4 29. Nxd4 Rd8 30. Nc6 Rd6 31. e4 Kf8 32. Ncb4 a5 33. Nxd3 f5 0-1


[Site "https://www.chess.com"]

[Event "Titled Tuesday Blitz May 4 2021"]
[White "Iniyan, P"]
[Black "Nakamura, Hikaru"]
[WhiteFideId "25002767"]
[BlackFideId "2016192"]
[WhiteElo "2400"]
[BlackElo "2900"]
[Result "0-1"]
[Round "04"]
[TimeControl "180+1"]
[Date "2021.05.04"]
[WhiteClock "0:00:14"]
[BlackClock "0:00:54"]

1. d4 g6 2. c4 Bg7 3. Nf3 d6 4. Nc3 Nc6 5. g3 Bd7 6. Bg2 Qc8 7. h4 h6 8. e4 Bg4 9. Be3 e5 10. d5 Nd4 11. Bxd4 exd4 12. Nb5 Nf6 13. Nbxd4 Nxe4 14. Qc2 O-O 15. O-O Nc5 16. b4 Nd7 17. Rac1 a5 18. a3 axb4 19. axb4 Re8 20. Qd2 Nf6 21. Nh2 Bh3 22. Rfe1 Bxg2 23. Kxg2 Qd7 24. Nhf3 h5 25. Qd3 Red8 26. Rc2 Re8 27. Rce2 Rxe2 28. Rxe2 Ng4 29. Ng5 Ne5 30. Qc2 c6 31. Qe4 Rc8 32. dxc6 bxc6 33. f4 Nxc4 34. f5 d5 35. Qf4 Qd6 36. Qxd6 Nxd6 37. Ngf3 gxf5 38. Rc2 Nc4 39. Nxf5 Bf8 40. N3d4 Bxb4 41. Rf2 Bf8 42. g4 hxg4 43. Rf4 Ne5 44. Ne3 Bh6 0-1


[Site "https://www.chess.com"]

[Event "Titled Tuesday Blitz May 4 2021"]
[White "Injac, Teodora"]
[Black "Holt, Conrad"]
[WhiteFideId "932400"]
[BlackFideId "2034387"]
[WhiteElo "2560"]
[BlackElo "2849"]
[Result "0-1"]
[Round "04"]
[TimeControl "180+1"]
[Date "2021.05.04"]
[WhiteClock "0:00:03"]
[BlackClock "0:00:04"]

1. d4 d5 2. c4 c6 3. Nf3 Nf6 4. e3 Bf5 5. Nc3 e6 6. Bd3 Bxd3 7. Qxd3 Nbd7 8. O-O Bb4 9. Ne2 O-O 10. Ng3 Bd6 11. Bd2 Re8 12. Bc3 Qc7 13. Rac1 Rad8 14. b4 Bxg3 15. hxg3 Nb6 16. Ne5 Nfd7 17. c5 Nc8 18. Nxd7 Qxd7 19. a4 f6 20. f4 Ne7 21. b5 Nf5 22. g4 Ng3 23. Rf2 Ne4 24. Rb2 e5 25. dxe5 Nxc3 26. Qxc3 fxe5 27. f5 h5 28. Rf1 hxg4 29. Qe1 Rf8 30. Qh4 d4 31. e4 d3 32. Kh2 Rf6 33. Qxg4 Qd4 34. Rbf2 d2 35. Qd1 Rh6+ 36. Kg1 Rh4 37. Qb3+ Kh8 38. f6 d1=Q 39. fxg7+ Kh7 40. Qg3 Qxf1+ 0-1


[Site "https://www.chess.com"]

[Event "Titled Tuesday Blitz May 4 2021"]
[White "Iskusnyh, Sergei"]
[Black "Ozen, Bahadir"]
[WhiteFideId "4120027"]
[BlackFideId "6337058"]
[WhiteElo "2492"]
[BlackElo "2503"]
[Result "1-0"]
[Round "04"]
[TimeControl "180+1"]
[Date "2021.05.04"]
[WhiteClock "0:00:36"]
[BlackClock "0:00:15"]

1. d4 d6 2. Nf3 Bg4 3. c4 Bxf3 4. exf3 c6 5. Nc3 g6 6. Be3 Bg7 7. Be2 Nf6 8. O-O O-O 9. Qb3 Qc7 10. Rac1 Nbd7 11. Rfd1 Rfc8 12. f4 a6 13. Qc2 Qd8 14. f5 d5 15. b3 b5 16. Qd3 Nb6 17. c5 Nbd7 18. Re1 Qf8 19. h3 Re8 20. Bf3 e6 21. fxe6 Rxe6 22. a4 Qe7 23. Bd2 Rxe1+ 24. Rxe1 Qf8 25. Ra1 h5 26. Bf4 Ne8 27. axb5 Nxc5 28. dxc5 Qxc5 29. Rxa6 Rxa6 30. bxa6 Bxc3 31. a7 Qxa7 32. Qxc3 Qb6 33. b4 Ng7 34. Be3 Qa6 35. Qf6 Ne6 36. g4 hxg4 37. Bxg4 Qc8 38. Bxe6 Qxe6 39. Qxe6 fxe6 40. f4 Kf7 41. Bd4 1-0


[Site "https://www.chess.com"]

[Event "Titled Tuesday Blitz May 4 2021"]
[White "Ismayil, Malak"]
[Black "mattcolins2025"]
[WhiteFideId "13412604"]
[WhiteElo "1879"]
[BlackElo "2477"]
[Result "0-1"]
[Round "04"]
[TimeControl "180+1"]
[Date "2021.05.04"]
[WhiteClock "0:00:13"]
[BlackClock "0:01:41"]

1. e4 c6 2. d4 d5 3. exd5 cxd5 4. Bd3 a6 5. c3 Nf6 6. h3 Nc6 7. Nf3 g6 8. O-O Bg7 9. Bg5 O-O 10. Nbd2 h6 11. Bh4 g5 12. Bg3 Nh5 13. Bh2 Nf4 14. Bxf4 gxf4 15. Nb3 e5 16. dxe5 Nxe5 17. Nxe5 Bxe5 18. Qh5 Qf6 19. Rae1 Bc7 20. Qxd5 Be6 21. Qe4 Qg7 22. Kh1 Rad8 23. Nd4 Bd5 24. Qh7+ Qxh7 25. Bxh7+ Kxh7 26. f3 Rfe8 27. Rd1 Bc4 28. Rf2 Bxa2 29. Rfd2 Bc4 30. b3 Bb5 31. Nxb5 axb5 32. Rd7 Re1+ 33. Rxe1 Rxd7 34. c4 bxc4 35. bxc4 Kg6 36. c5 Kf5 37. Rb1 Be5 38. h4 Rc7 39. Rb6 f6 40. Kh2 Bd4 41. Rd6 Bxc5 42. Rd5+ Kg6 43. h5+ Kf7 44. Kh3 b5 45. Kg4 b4 46. Kxf4 b3 47. Rd2 Ba3 48. Rd3 b2 49. Rb3 Rc4+ 50. Kf5 Rb4 51. Rxa3 b1=Q+ 0-1


[Site "https://www.chess.com"]

[Event "Titled Tuesday Blitz May 4 2021"]
[White "Ivanisevic, Ivan"]
[Black "Lewtak, Damian"]
[WhiteFideId "912417"]
[BlackFideId "1141724"]
[WhiteElo "2525"]
[BlackElo "2291"]
[Result "1-0"]
[Round "04"]
[TimeControl "180+1"]
[Date "2021.05.04"]
[WhiteClock "0:00:13"]
[BlackClock "0:00:04"]

1. d4 f5 2. c4 d6 3. Nc3 Nf6 4. Bg5 Nbd7 5. Qc2 g6 6. h4 h6 7. Bd2 e6 8. O-O-O Bg7 9. e4 O-O 10. Nh3 e5 11. exf5 exd4 12. Nb5 d3 13. Bxd3 Ne5 14. fxg6 Nxd3+ 15. Qxd3 Ng4 16. Bc3 a6 17. Bxg7 Kxg7 18. Nc3 Bf5 19. Qd4+ Qf6 20. Qxf6+ Nxf6 21. Nf4 h5 22. Rhe1 Rae8 23. g3 Kh6 24. Ncd5 Nxd5 25. Nxd5 Bg4 26. Rxe8 Rxe8 27. Nf6 Re2 28. Nxg4+ hxg4 29. Rd2 Re1+ 30. Kc2 Kxg6 31. Kd3 Rc1 32. b3 Kf5 33. Re2 Rd1+ 34. Kc3 Rf1 35. Re7 Kf6 36. Re4 Rxf2 37. Rxg4 Rxa2 38. Rg8 Rh2 39. Rc8 c6 40. Rg8 b5 41. Rc8 bxc4 42. bxc4 Rh3 43. Rxc6 Rxg3+ 44. Kb4 Ke5 45. Rxa6 Rh3 46. h5 Ke6 47. Ra5 Rh4 48. Rd5 Rh1 49. Kb5 Rb1+ 50. Kc6 Rc1 51. Rxd6+ Ke7 52. c5 Rh1 53. h6 Rg1 54. Kc7 Ra1 55. h7 Rh1 56. Rd7+ Ke6 57. c6 1-0


[Site "https://www.chess.com"]

[Event "Titled Tuesday Blitz May 4 2021"]
[White "Ivanov, Mike"]
[Black "Perez Gormaz, Matias"]
[WhiteFideId "2613158"]
[BlackFideId "3406342"]
[WhiteElo "2197"]
[BlackElo "2414"]
[Result "0-1"]
[Round "04"]
[TimeControl "180+1"]
[Date "2021.05.04"]
[WhiteClock "0:00:01"]
[BlackClock "0:00:05"]

1. e4 c5 2. Nf3 d6 3. d4 cxd4 4. Qxd4 Nc6 5. Qe3 g6 6. Be2 Bg7 7. O-O Bg4 8. h3 Bxf3 9. Bxf3 Nf6 10. Rd1 O-O 11. c4 Nd7 12. Nc3 Nc5 13. Bd2 a5 14. Rac1 a4 15. Be1 e6 16. Nb5 Bxb2 17. Nxd6 Bxc1 18. Qxc5 Bb2 19. Nxf7 Qe7 20. Nh6+ Kh8 21. Qxe7 Nxe7 22. Rd7 Rae8 23. Bb4 Nc6 24. Bxf8 Rxf8 25. Rxb7 a3 26. Nf7+ Kg8 27. e5 Nxe5 28. Nxe5 Bxe5 29. Ra7 Rb8 30. g3 Bd6 31. Ra6 Bc5 32. Ra5 Bd4 33. Rxa3 Rb2 34. Rd3 Bxf2+ 35. Kg2 e5 36. Be4 Kg7 37. Kf3 Bd4 38. Rb3 Rxa2 39. Rb7+ Kf6 40. Bd5 h5 41. g4 h4 42. Rf7+ Kg5 43. Ke4 Ra3 44. c5 Re3# 0-1


[Site "https://www.chess.com"]

[Event "Titled Tuesday Blitz May 4 2021"]
[White "Jacobson, Brandon"]
[Black "Rodrigue-Lemieux, Shawn"]
[WhiteFideId "30901561"]
[BlackFideId "2620049"]
[WhiteElo "2362"]
[BlackElo "1763"]
[Result "1/2-1/2"]
[Round "04"]
[TimeControl "180+1"]
[Date "2021.05.04"]
[WhiteClock "0:00:17"]
[BlackClock "0:00:09"]

1. d4 Nf6 2. c4 e6 3. Nf3 d5 4. g3 Be7 5. Bg2 O-O 6. O-O dxc4 7. Qc2 a6 8. a4 Bd7 9. Rd1 Bc6 10. Bg5 Be4 11. Qxc4 b5 12. Qc1 Nbd7 13. Nc3 Bc6 14. Ne5 Bxg2 15. Kxg2 b4 16. Nc6 Qe8 17. Ne4 h6 18. Nxf6+ Nxf6 19. Bxf6 Bxf6 20. Nxb4 a5 21. Nc6 Ra6 22. Ne5 Qa8+ 23. Nf3 Rb8 24. Qxc7 Rxb2 25. Rab1 Rc6 26. Qd7 Rcc2 27. Rxb2 Rxb2 28. Rc1 Qe4 29. Qe8+ Kh7 30. Qxf7 Qxe2 31. Rf1 Rb3 32. Qh5 Qe4 33. Re1 Qc6 34. Re3 Rxe3 35. fxe3 Qxa4 36. Qg4 Qa2+ 37. Kh3 Qd5 38. e4 Qd7 39. d5 a4 40. dxe6 Qe8 41. e5 Be7 42. Qe4+ Kh8 43. Nd4 a3 44. Nb3 Qh5+ 45. Kg2 Qe8 46. Na1 Qb5 47. Kh3 Qb2 48. Qe1 a2 49. Qd1 Qb1 50. Qd4 Qb4 51. Qxb4 Bxb4 52. Kg4 Kg8 53. Kf5 Kf8 54. Kg6 Bc3 55. Nc2 Ke7 56. Kxg7 Bxe5+ 57. Kxh6 Kxe6 58. Kg5 a1=Q 59. Nxa1 Bxa1 60. Kg6 Be5 61. Kg5 Kf7 62. Kf5 Bb8 63. Kg4 Kg6 64. Kh3 Kh5 65. Kg2 Kg4 66. h3+ Kg5 67. Kf3 Bxg3 68. Kxg3 Kh5 69. h4 Kh6 70. Kg4 Kg6 71. h5+ Kh6 72. Kh4 Kh7 73. Kg5 Kg7 74. h6+ Kh7 75. Kh5 Kh8 76. Kg6 Kg8 77. h7+ Kh8 78. Kf5 Kxh7 1/2-1/2


[Site "https://www.chess.com"]

[Event "Titled Tuesday Blitz May 4 2021"]
[White "Jakubowska, Anna"]
[Black "Kriti Mayur Patel"]
[WhiteFideId "1121952"]
[BlackFideId "35061780"]
[WhiteElo "2006"]
[BlackElo "1212"]
[Result "1-0"]
[Round "04"]
[TimeControl "180+1"]
[Date "2021.05.04"]
[WhiteClock "0:00:40"]
[BlackClock "0:00:39"]

1. e4 e5 2. Nf3 Nc6 3. Bb5 a6 4. Ba4 Nf6 5. O-O b5 6. Bb3 Bc5 7. c3 O-O 8. d4 exd4 9. cxd4 Bb6 10. Bg5 h6 11. Bh4 g5 12. Bg3 Nxe4 13. Nc3 Nxg3 14. hxg3 Bb7 15. d5 Ne7 16. Re1 Ng6 17. Bc2 Qf6 18. Rb1 g4 19. Ne4 Qd8 20. Nd4 Bxd5 21. Nf5 Bxe4 22. Bxe4 Kh7 23. Bxa8 Qf6 24. Be4 Re8 25. Qxg4 Re5 26. Re2 d5 27. Bc2 d4 28. Nh4 Rg5 29. Qe4 c5 30. Nxg6 fxg6 31. Qe7+ Qxe7 32. Rxe7+ Kg8 33. Rbe1 c4 34. Rb7 Bc5 35. Re8+ Bf8 36. Rbb8 d3 37. Rxf8+ Kg7 38. Bxd3 cxd3 39. Rfd8 Rc5 40. Rxd3 Rc1+ 41. Kh2 Rc2 42. Rd6 Rxb2 43. Rb7+ Kf8 44. Rd8# 1-0


[Site "https://www.chess.com"]

[Event "Titled Tuesday Blitz May 4 2021"]
[White "Janaszak, Dawid"]
[Black "Banawa, Joel"]
[WhiteFideId "1119206"]
[BlackFideId "2024055"]
[WhiteElo "2484"]
[BlackElo "2689"]
[Result "0-1"]
[Round "04"]
[TimeControl "180+1"]
[Date "2021.05.04"]
[WhiteClock "0:00:02"]
[BlackClock "0:00:01"]

1. d4 Nf6 2. Nf3 g6 3. Bf4 Bg7 4. Nc3 d6 5. e4 Nbd7 6. Qd2 c5 7. d5 Qb6 8. O-O-O Nxe4 9. Qe3 Nxc3 10. bxc3 Nf6 11. h3 Bf5 12. Bh6 Bxh6 13. Qxh6 Ne4 14. Qe3 Qa5 15. Kb2 b5 16. g4 b4 17. gxf5 Nxc3 18. Bc4 Qa3+ 19. Ka1 Nxd1 20. Qxa3 bxa3 21. Rxd1 gxf5 22. Nh4 f4 23. Rg1 Kf8 24. Nf5 Rb8 25. Bb3 Rb4 26. c4 a5 27. Rc1 a4 28. Bd1 Rg8 29. Bg4 h5 30. Bxh5 Rxc4 31. Rb1 Rb4 32. Rc1 Rg2 33. Nh6 Rxf2 34. Rg1 e6 35. Bxf7 Rbb2 36. Rg8+ Ke7 37. Re8+ Kf6 38. Rxe6+ Kg7 39. Rg6+ Kh7 0-1


[Site "https://www.chess.com"]

[Event "Titled Tuesday Blitz May 4 2021"]
[White "Juhasz, Agoston"]
[Black "Porter, Ryan W"]
[WhiteFideId "778346"]
[BlackFideId "2011239"]
[WhiteElo "2211"]
[BlackElo "2390"]
[Result "0-1"]
[Round "04"]
[TimeControl "180+1"]
[Date "2021.05.04"]
[WhiteClock "0:00:35"]
[BlackClock "0:01:01"]

1. e4 d6 2. d4 Nf6 3. Nc3 g6 4. g3 Bg7 5. Bg2 O-O 6. Nge2 e5 7. O-O exd4 8. Nxd4 Re8 9. h3 Bd7 10. Re1 Nc6 11. Be3 Nxd4 12. Bxd4 c5 13. Be3 Bc6 14. Bg5 h6 15. Bf4 Re6 16. Nd5 Nxd5 17. exd5 Rxe1+ 18. Qxe1 Bb5 19. Qd2 g5 20. Be3 b6 21. Re1 Bd7 22. c3 Qf6 23. Kh2 Re8 24. Qd1 Qf5 25. Qf3 Be5 26. Qxf5 Bxf5 27. Bd2 Kf8 28. Be4 Bxe4 29. f4 Bf6 0-1


[Site "https://www.chess.com"]

[Event "Titled Tuesday Blitz May 4 2021"]
[White "Jumabayev, Rinat"]
[Black "Spyropoulos, Nikolaos"]
[WhiteFideId "13702661"]
[BlackFideId "4298977"]
[WhiteElo "2758"]
[BlackElo "2553"]
[Result "1-0"]
[Round "04"]
[TimeControl "180+1"]
[Date "2021.05.04"]
[WhiteClock "0:02:34"]
[BlackClock "0:01:41"]

1. d4 Nf6 2. c4 e6 3. g3 Bb4+ 4. Bd2 a5 5. Bg2 d6 6. e3 Nbd7 7. Ne2 O-O 8. O-O Bxd2 9. Qxd2 Qe7 10. Nbc3 e5 11. e4 exd4 12. Nxd4 Nc5 13. Rfe1 a4 14. f4 Nfd7 15. Nf5 Qd8 16. Qd4 Ne6 17. Qf2 Ndc5 18. Rad1 Re8 19. e5 g6 20. Ne3 Ng7 21. Ned5 Rf8 22. Nb5 Bg4 23. Nf6+ 1-0


[Site "https://www.chess.com"]

[Event "Titled Tuesday Blitz May 4 2021"]
[White "Kabanov, Nikolai"]
[Black "Rakshitta, Ravi"]
[WhiteFideId "4127820"]
[BlackFideId "25073230"]
[WhiteElo "2376"]
[BlackElo "1873"]
[Result "0-1"]
[Round "04"]
[TimeControl "180+1"]
[Date "2021.05.04"]
[WhiteClock "0:00:02"]
[BlackClock "0:00:30"]

1. e4 e5 2. Nf3 Nc6 3. Bc4 Bc5 4. c3 Nf6 5. d4 exd4 6. cxd4 Bb4+ 7. Nc3 Nxe4 8. O-O Bxc3 9. d5 Bf6 10. Re1 Ne7 11. Rxe4 d6 12. Bg5 Bxg5 13. Nxg5 h6 14. Qh5 O-O 15. Nf3 Bf5 16. Rxe7 Qxe7 17. Qxf5 Rae8 18. h3 g6 19. Qf4 Kg7 20. Bd3 Qf6 21. Qb4 b6 22. Rc1 Re7 23. Qd4 Rfe8 24. Kf1 Qxd4 25. Nxd4 Re5 26. Bc4 Kf6 27. f3 h5 28. Bb3 R5e7 29. Nc6 Re2 30. Rc2 Re1+ 31. Kf2 h4 32. Nd4 Rh1 33. Nb5 Ree1 34. Re2 Rhf1+ 35. Ke3 Rxe2+ 36. Kxe2 Rb1 37. Nxa7 Rxb2+ 38. Kf1 Ke5 39. Nc6+ Kf4 40. Nd4 Ke3 41. Nc2+ Kd2 42. Nd4 Kd3 0-1


[Site "https://www.chess.com"]

[Event "Titled Tuesday Blitz May 4 2021"]
[White "Kalajzic, Ivan"]
[Black "Tejedor Fuente, Enrique"]
[WhiteFideId "14506378"]
[BlackFideId "2299100"]
[WhiteElo "2163"]
[BlackElo "2535"]
[Result "0-1"]
[Round "04"]
[TimeControl "180+1"]
[Date "2021.05.04"]
[WhiteClock "0:00:16"]
[BlackClock "0:00:04"]

1. b3 Nf6 2. Bb2 e6 3. g3 d5 4. Bg2 Be7 5. d3 O-O 6. c4 a5 7. a3 a4 8. b4 dxc4 9. dxc4 Qxd1+ 10. Kxd1 c5 11. b5 Nbd7 12. Nf3 Nb6 13. Nbd2 Nfd7 14. Kc2 f6 15. Rhd1 Rd8 16. e4 e5 17. Bf1 Nf8 18. Be2 Bg4 19. Bc3 Ne6 20. Ng1 Bxe2 21. Nxe2 Rac8 22. Ba5 Rxd2+ 23. Rxd2 Nxc4 24. Rd7 Kf7 25. Bc3 Nd8 26. Rad1 Nxa3+ 27. Kc1 Nxb5 28. Ba5 Nc6 29. Rxb7 Nxa5 30. Rxb5 Nb3+ 31. Kb2 c4 32. Rd7 a3+ 33. Ka2 Nc5 34. Ra7 Nxe4 35. Rbb7 Re8 36. f3 Nd6 37. Rd7 Nb5 38. Rab7 Nd4 39. Nxd4 exd4 40. Rxd4 Rc8 41. Rdd7 Re8 42. Rdc7 Ke6 43. Rxc4 Kf7 44. Rcc7 h6 45. f4 Ke6 46. g4 f5 47. h3 g6 48. Kb3 h5 49. Rc6+ Kd5 50. Ra6 Bc5 51. Rb5 Re3+ 52. Kc2 Re2+ 53. Kd3 Rh2 54. gxf5 Rxh3+ 55. Ke2 gxf5 56. Raa5 Rc3 57. Rxc5+ Rxc5 58. Rxa3 Ke4 59. Ra4+ Kd5 60. Ra3 Rc4 61. Ke3 Re4+ 62. Kf3 Rc4 63. Ra5+ Rc5 64. Ra8 Rc3+ 65. Kf2 h4 66. Re8 Rc5 67. Re5+ Kd4 68. Re8 Rc2+ 69. Kg1 Rc3 70. Rd8+ Ke4 71. Rh8 h3 72. Rh4 Rf3 73. Kh1 Ke3 74. Kh2 Ke4 75. Kh1 Rxf4 76. Kh2 Rxh4 77. Kg3 h2 78. Kg2 h1=Q+ 79. Kf2 Rh2+ 80. Kg3 Qg2# 0-1


[Site "https://www.chess.com"]

[Event "Titled Tuesday Blitz May 4 2021"]
[White "Kalogeris, Ioannis"]
[Black "Abdusattorov, Nodirbek"]
[WhiteFideId "4239563"]
[BlackFideId "14204118"]
[WhiteElo "2566"]
[BlackElo "2920"]
[Result "0-1"]
[Round "04"]
[TimeControl "180+1"]
[Date "2021.05.04"]
[WhiteClock "0:00:31"]
[BlackClock "0:00:56"]

1. e4 c5 2. Nf3 e6 3. Nc3 Nc6 4. Bb5 Nge7 5. O-O g6 6. d4 cxd4 7. Nxd4 Bg7 8. Bxc6 dxc6 9. Be3 e5 10. Nb3 Qxd1 11. Rfxd1 f5 12. Na5 f4 13. Bc5 Bf6 14. Nc4 Kf7 15. Nd6+ Ke6 16. a4 b6 17. Ba3 Ba6 18. b4 Bc8 19. Rd3 Rd8 20. Rad1 a5 21. bxa5 bxa5 22. Nc4 Rd4 23. Nxe5 Rxd3 24. Nxd3 Bxc3 25. Nxf4+ Kf7 26. Bd6 Bb4 27. Be5 Ba6 28. Rd7 g5 29. Nh3 Ke6 0-1


[Site "https://www.chess.com"]

[Event "Titled Tuesday Blitz May 4 2021"]
[White "Kanyamarala, Tarun"]
[Black "Shamsi, Mohammadhossein"]
[WhiteFideId "45004714"]
[BlackFideId "12507326"]
[WhiteElo "2086"]
[BlackElo "2203"]
[Result "1-0"]
[Round "04"]
[TimeControl "180+1"]
[Date "2021.05.04"]
[WhiteClock "0:00:14"]
[BlackClock "0:01:57"]

1. c4 Nf6 2. Nc3 d5 3. cxd5 Nxd5 4. d4 g6 5. e4 Nxc3 6. bxc3 Bg7 7. Qa4+ Qd7 8. Qa3 O-O 9. Nf3 b6 10. Be3 Bb7 11. Nd2 Nc6 12. Rd1 e5 13. Nb3 exd4 14. cxd4 Rfe8 15. f3 Rad8 16. Bc4 a5 17. Bb5 Bf8 18. Qa4 Bb4+ 19. Kf2 Qe7 20. Bxc6 Bxc6 21. Qxc6 Rd6 22. Qc4 Red8 23. d5 f5 24. exf5 gxf5 25. Bf4 Rg6 26. d6+ Qf7 27. Qxf7+ Kxf7 28. dxc7 Rc8 29. Rd8 1-0


[Site "https://www.chess.com"]

[Event "Titled Tuesday Blitz May 4 2021"]
[White "Karacsonyi, Gellert"]
[Black "Pinto, Daniel"]
[WhiteFideId "764620"]
[BlackFideId "3303144"]
[WhiteElo "2192"]
[BlackElo "1936"]
[Result "1-0"]
[Round "04"]
[TimeControl "180+1"]
[Date "2021.05.04"]
[WhiteClock "0:01:09"]
[BlackClock "0:00:13"]

1. e4 c5 2. Nf3 Nc6 3. d4 cxd4 4. Nxd4 Nf6 5. Nc3 e5 6. Nf5 d5 7. exd5 Bxf5 8. dxc6 bxc6 9. Qf3 Bd7 10. Bg5 Be7 11. Bc4 O-O 12. O-O Rb8 13. Bb3 h6 14. Be3 Qc7 15. h3 Kh8 16. Rad1 Nh7 17. Rd2 f5 18. Rfd1 Rbd8 19. Re2 f4 20. Bc1 Ng5 21. Qd3 f3 22. Re3 fxg2 23. Qg6 Bf5 24. Qh5 Rxd1+ 25. Nxd1 Nxh3+ 26. Rxh3 Qd7 27. Bxh6 Bxh3 28. Bg5# 1-0


[Site "https://www.chess.com"]

[Event "Titled Tuesday Blitz May 4 2021"]
[White "Karavaeva, Olga"]
[Black "Amarasinghe, A A C B"]
[WhiteFideId "4124111"]
[BlackFideId "9901809"]
[WhiteElo "2105"]
[BlackElo "1778"]
[Result "1-0"]
[Round "04"]
[TimeControl "180+1"]
[Date "2021.05.04"]
[WhiteClock "0:00:07"]
[BlackClock "0:00:02"]

1. c4 Nf6 2. Nc3 d5 3. cxd5 Nxd5 4. g3 g6 5. Bg2 Nb6 6. Nf3 Bg7 7. O-O O-O 8. d4 Nc6 9. d5 Nb4 10. e4 e6 11. a3 Na6 12. Bg5 Qd7 13. dxe6 Qxe6 14. Nd4 Qe5 15. Be3 Nc4 16. Qb3 Nxe3 17. fxe3 c5 18. Nf3 Qe6 19. Qc2 Bxc3 20. bxc3 Bd7 21. e5 Bc6 22. e4 Rad8 23. Rab1 b6 24. h4 h6 25. Kh2 Nc7 26. Bh3 Qe7 27. Qc1 Ne6 28. Qxh6 Bxe4 29. Rbe1 Bxf3 30. Rxf3 Rfe8 31. Rf6 Qf8 32. Qe3 Qg7 33. Ref1 Rd7 34. Qf2 Rde7 35. a4 Nd8 36. Qf4 Rxe5 37. Rf2 Re2 38. Bd7 Rxf2+ 39. Qxf2 Re7 40. Bb5 Ne6 41. Bc4 Nd8 42. Rf4 Nb7 43. Qd2 Qe5 44. Qf2 Nd6 45. Bb3 c4 46. Bc2 Qe2 47. Kh3 Qxf2 48. Rxf2 Ne4 49. Bxe4 Rxe4 50. Rd2 Re3 51. Rd8+ Kg7 52. Rd7 Rxc3 53. Rxa7 Ra3 54. Rb7 c3 55. Rxb6 Rxa4 56. Rc6 Ra3 57. Kg4 f5+ 58. Kf4 Ra4+ 59. Ke3 Ra3 60. Ke2 c2 61. Rc7+ Kh6 62. Kf2 Ra2 63. Kf3 c1=Q 64. Rxc1 Ra3+ 65. Kg2 Ra2+ 66. Kh3 Ra3 67. Rc4 Ra2 68. Rd4 Ra1 69. Rd8 Rb1 70. Kg2 Kg7 71. Kf3 Rc1 72. Kf4 Rf1+ 73. Kg5 Rf3 74. Rd7+ Kg8 75. Kxg6 Rxg3+ 76. Kxf5 Rf3+ 77. Kg6 Rg3+ 78. Kh6 Rg1 79. h5 Rg2 80. Rd8+ Kf7 81. Kh7 Rg3 82. h6 Rg1 83. Rd7+ Kf6 84. Rg7 Ra1 85. Rg8 Ra7+ 86. Kh8 1-0


[Site "https://www.chess.com"]

[Event "Titled Tuesday Blitz May 4 2021"]
[White "Kazakouski, Valery"]
[Black "Markidis, Konstantinos"]
[WhiteFideId "13507443"]
[BlackFideId "4203500"]
[WhiteElo "2546"]
[BlackElo "2304"]
[Result "1-0"]
[Round "04"]
[TimeControl "180+1"]
[Date "2021.05.04"]
[WhiteClock "0:00:03"]
[BlackClock "0:00:01"]

1. d4 Nf6 2. Nf3 e6 3. c4 Bb4+ 4. Bd2 a5 5. g3 d5 6. Bg2 O-O 7. O-O Be7 8. Qc2 c6 9. Rd1 Nbd7 10. Bf4 Nh5 11. Bc1 f5 12. b3 a4 13. Bb2 Nhf6 14. Nc3 a3 15. Bc1 Ne4 16. Rb1 Qa5 17. Nxe4 fxe4 18. Nd2 Bf6 19. e3 e5 20. b4 Qa4 21. Nb3 exd4 22. exd4 Nb6 23. Bf1 Be6 24. c5 Nc4 25. Qc3 Rf7 26. Bf4 Raf8 27. Bxc4 dxc4 28. Nd2 Bg4 29. Re1 Rd8 30. Be3 Bf3 31. Qxc4 Qa8 32. Nxf3 exf3 33. Qe6 Re8 34. Qg4 Qd8 35. Rb3 Qd5 36. h4 h5 37. Qh3 Re4 38. Rd1 Rfe7 39. Qc8+ Kh7 40. b5 Rg4 41. bxc6 bxc6 42. Qb8 Qe4 43. Qd6 1-0


[Site "https://www.chess.com"]

[Event "Titled Tuesday Blitz May 4 2021"]
[White "Keymer, Vincent"]
[Black "Diaz Camallonga, Carles"]
[WhiteFideId "12940690"]
[BlackFideId "22235256"]
[WhiteElo "2474"]
[BlackElo "2438"]
[Result "1-0"]
[Round "04"]
[TimeControl "180+1"]
[Date "2021.05.04"]
[WhiteClock "0:00:22"]
[BlackClock "0:00:03"]

1. Nf3 Nf6 2. c4 e6 3. Nc3 d5 4. e3 c5 5. cxd5 exd5 6. d4 Nc6 7. Bb5 Bd6 8. dxc5 Bxc5 9. O-O O-O 10. b3 Bg4 11. h3 Bh5 12. Bb2 d4 13. Na4 Qd5 14. Bxc6 bxc6 15. Nxc5 Qxc5 16. Qxd4 Qxd4 17. Nxd4 c5 18. Nf5 Rfd8 19. Rfc1 Bg6 20. Ne7+ Kf8 21. Bxf6 gxf6 22. Nxg6+ hxg6 23. Rxc5 Rd2 24. Ra5 Kg7 25. b4 Rb8 26. a3 Rb7 27. Rc1 Rbd7 28. g4 Ra2 29. h4 Rdd2 30. Rf1 Rd7 31. Kg2 Rd3 32. Rxa7 Rxe3 33. b5 Rb3 34. a4 f5 35. gxf5 gxf5 36. h5 Rb4 37. Ra6 Rg4+ 38. Kf3 Ra3+ 39. Ke2 Re4+ 40. Kd2 Rf4 41. b6 Rb4 42. Rc1 Ra2+ 43. Rc2 Ra3 44. a5 Kh6 45. b7+ Kxh5 46. Rb6 1-0


[Site "https://www.chess.com"]

[Event "Titled Tuesday Blitz May 4 2021"]
[White "Kilpatrick, Callum"]
[Black "Krysa, Leandro"]
[WhiteFideId "414425"]
[BlackFideId "116807"]
[WhiteElo "2484"]
[BlackElo "2490"]
[Result "0-1"]
[Round "04"]
[TimeControl "180+1"]
[Date "2021.05.04"]
[WhiteClock "0:00:05"]
[BlackClock "0:00:54"]

1. e4 e6 2. d4 d5 3. Nc3 h6 4. Nf3 Nf6 5. Bd3 Bb4 6. e5 Ne4 7. Bd2 Nxd2 8. Qxd2 c5 9. a3 Bxc3 10. Qxc3 c4 11. Be2 Nc6 12. O-O O-O 13. b3 cxb3 14. cxb3 f6 15. b4 fxe5 16. dxe5 a6 17. Bd3 Rxf3 18. gxf3 d4 19. Qe1 Qg5+ 20. Kh1 Nxe5 21. Qe4 Nxd3 22. Qxd3 Bd7 23. Qxd4 Bc6 24. Qe3 Qf5 25. Rg1 Bxf3+ 26. Rg2 Rd8 27. Re1 Qg4 28. Qxe6+ Qxe6 29. Rxe6 Rd1+ 30. Re1 Rxe1# 0-1


[Site "https://www.chess.com"]

[Event "Titled Tuesday Blitz May 4 2021"]
[White "Kiselev, Gennady"]
[Black "Fanha, Paulo"]
[WhiteFideId "4117107"]
[BlackFideId "1902148"]
[WhiteElo "2323"]
[BlackElo "1851"]
[Result "1-0"]
[Round "04"]
[TimeControl "180+1"]
[Date "2021.05.04"]
[WhiteClock "0:01:09"]
[BlackClock "0:00:15"]

1. e4 d5 2. exd5 Qxd5 3. Nc3 Qd6 4. d4 Nf6 5. Nf3 c6 6. Bc4 Bg4 7. O-O e6 8. Be3 Qc7 9. Re1 Bd6 10. h3 Bh5 11. Be2 O-O 12. Bg5 Nbd7 13. Qd2 Rfe8 14. Rad1 b5 15. Qc1 a5 16. Kh1 a4 17. Ng1 Bxe2 18. Rxe2 b4 19. Ne4 Nxe4 20. Rxe4 c5 21. Nf3 cxd4 22. Rexd4 Ra6 23. Qd2 f6 24. Rxd6 Rxd6 25. Qxd6 Qxd6 26. Rxd6 Nc5 27. Be3 Ne4 28. Rd4 f5 29. Rxb4 Rd8 30. Rxa4 Rd1+ 31. Kh2 h6 32. Rd4 g5 33. Rxd1 1-0


[Site "https://www.chess.com"]